 Dungeon Crawl Stone Soup version 0.30-a0-672-gc3a7216ad8 (webtiles) character file.

Game seed: 16892190852165010091

640 Dittersdorf the Trooper (level 7, -8/44 HPs)
             Began as a Gargoyle Fighter on Jan 18, 2023.
             Killed from afar by Grinder (11 damage)
             ... with a puff of flame
             ... while paralysed by Grinder
             ... on level 5 of the Dungeon.
             The game lasted 00:05:30 (3729 turns).

Dittersdorf the Trooper (Gargoyle Fighter)          Turns: 3729, Time: 00:05:31

Health: -8/44      AC: 13    Str: 21    XL:     7   Next: 51%
Magic:  7/7        EV:  2    Int: 15    God:
Gold:   244        SH:  0    Dex:  9    Spells: 6/6 levels left

rFire   . . .      SeeInvis .    a - +0 flail
rCold   . . .      Faith    .    f - +0 kite shield
rNeg    + . .      Spirit   .    b - +0 scale mail
rPois   ∞          Reflect  .    (no helmet)
rElec   +          Harm     .    u - +0 cloak
rCorr   .          Rampage  .    (no gloves)
Will    .....                    (no boots) Stlth
                                 (no amulet)
HPRegen 0.27/turn                s - +6 ring of intelligence
MPRegen 0.10/turn                (no ring)

@: paralysed
A: sickness immunity, AC +4, negative energy resistance 1, electricity
resistance, torment resistance 1, petrification resistance
a: no special abilities


You were on level 5 of the Dungeon.
You visited 2 branches of the dungeon, and saw 6 of its levels.

You collected 244 gold pieces.

Inventory:

Hand Weapons
 a - a +0 flail (weapon)
Missiles
 g - 2 throwing nets (quivered)
Armour
 b - a +0 scale mail (worn)
 f - a +0 kite shield (worn)
 o - a +0 plate armour
 u - a +0 cloak (worn)
Jewellery
 s - a +6 ring of intelligence (left hand)
Scrolls
 e - a scroll of teleportation
 r - a scroll of fog
Potions
 h - a potion of resistance {unknown}
 i - a potion of haste {unknown}
 j - 2 potions of ambrosia
 k - a potion of magic {unknown}
 m - 2 potions of curing
 n - 3 potions of heal wounds
 p - a potion of berserk rage


   Skills:
 + Level 5.4 Fighting
 + Level 4.3 Maces & Flails
 + Level 5.4 Armour
 + Level 5.4 Shields


You had 6 spell levels left.
You didn't know any spells.
Your spell library contained the following spells:

 Spells                   Type           Power      Damage    Failure   Level
 Airstrike                Air            0%         2d(0-16)  100%        4
 Summon Lightning Spire   Summ/Air       0%         N/A       100%        4
 Lightning Bolt           Conj/Air       0%         1d11      100%        5


Dungeon Overview and Level Annotations

Branches:
Dungeon (5/15)             Temple (1/1) D:4

Altars:
Ashenzari
Cheibriados
Dithmenos
Elyvilon
Fedhas
Gozag
Hepliaklqana
Makhleb
Sif Muna
Trog
Uskayaw
Vehumet
Xom
Zin

Annotations:
D:5 Grinder


Innate Abilities, Weirdness & Mutations

You are immune to sickness and miasma.
Your stone body is resilient. (AC +4)
You are immune to poison.
You resist negative energy. (rN+)
You are resistant to electric shocks. (rElec)
You are resistant to unholy torment.
You are immune to petrification.


Message History

The hound attacks as you move away! The hound bites you but does no damage.
Grinder gestures at you.
You are unaffected.
The hound bites you but does no damage.
Grinder zaps a wand.
The puff of flame hits you but does no damage.
You block the hound's attack. The hound barely misses you.
You barely miss the hound.
Grinder blinks!
The hound barely misses you.
You hit the hound.
The hound is moderately wounded.
You block the hound's attack.
The hound bites you but does no damage. x2
You closely miss the hound.
The hound is moderately wounded.
The hound bites you but does no damage. The hound bites you.
* * * LOW HITPOINT WARNING * * *
You sock the hound!
The hound is severely wounded.
The hound barely misses you.
Grinder blinks!
The hound closely misses you.
You sock the hound!
You kill the hound!
Grinder says, "FISH!"
You see here a hound corpse.
Grinder barely misses you.
You barely miss Grinder.
Grinder is moderately wounded.
Grinder hits you.
* * * LOW HITPOINT WARNING * * *
You writhe in agony.
* * * LOW HITPOINT WARNING * * *
You closely miss Grinder.
Grinder is moderately wounded.
Grinder gestures at you.
You suddenly lose the ability to move!
Grinder gestures at you.
You shrug off the repeated paralysis!
Grinder gestures at you. You resist with significant effort.
You feel a little less mighty now.
Grinder zaps a wand.
The puff of flame hits you!
You die...

#......#
#......#
#......#
####.###
##########..# .
#..........##
... #.#####..###
.....#.####...#
+.........†@5..#
#.......####...#
.[...#..# #...#
.#####..# #...#
.......>..#
##.####......#
#. .......# #.
##......#
##...###


You could see Grinder.

Vanquished Creatures
  Menkaure (D:4)
  An ogre (D:5)
  Blork the orc (D:3)
  A scorpion (D:4)
  A hound (D:5)
  Crazy Yiuf (D:4)
  Ijyb (D:3)
  An orc wizard (D:3)
  5 gnolls
  9 adders
  An ufetubus (D:4)
  A worm (D:2)
  3 dart slugs
  4 orcs
  An endoplasm (D:1)
  6 giant cockroaches
  8 goblins
  5 hobgoblins
  4 jackals (D:2)
  4 kobolds
  A quokka (D:1)
  4 ball pythons
  3 bats
  2 frilled lizards (D:3)
  3 rats
72 creatures vanquished.

Notes
Turn   | Place    | Note
-------+----------+-------------------------------------------
     0 | D:1      | Dittersdorf the Gargoyle Fighter began the quest for the
                  | Orb.
     0 | D:1      | Reached XP level 1. HP: 14/14 MP: 1/1
   106 | D:1      | Reached XP level 2. HP: 12/19 MP: 2/2
   476 | D:1      | Reached XP level 3. HP: 23/23 MP: 3/3
   849 | D:2      | Reached XP level 4. HP: 28/29 MP: 4/4
  1422 | D:3      | Reached XP level 5. HP: 30/33 MP: 5/5
  1748 | D:3      | Noticed Ijyb
  1765 | D:3      | Killed Ijyb
  2014 | D:4      | Noticed Blork the orc
  2091 | D:3      | Killed Blork the orc
  2092 | D:3      | Reached XP level 6. HP: 18/39 MP: 6/6
  2303 | D:4      | Found a runed translucent door.
  2304 | D:4      | Noticed Crazy Yiuf
  2329 | D:4      | Noticed Menkaure
  2341 | D:4      | Killed Menkaure
  2342 | D:4      | Reached skill level 5 in Armour
  2405 | D:4      | Reached skill level 5 in Fighting
  2405 | D:4      | Reached skill level 5 in Shields
  2485 | D:4      | Reached XP level 7. HP: 32/44 MP: 7/7
  2595 | D:4      | Identified the ring of Qymalen {Fly rElec rC- Int+6 Dex+3}
  3161 | D:4      | Found a staircase to the Ecumenical Temple.
  3292 | Temple   | Entered the Ecumenical Temple
  3609 | D:4      | Killed Crazy Yiuf
  3639 | D:5      | Entered Level 5 of the Dungeon
  3686 | D:5      | Noticed Grinder
  3686 | D:5      | Paralysed by Grinder for 2 turns
  3703 | D:5      | Paralysed by Grinder for 2 turns
  3726 | D:5      | HP: 2/44 [Grinder (1)]
  3727 | D:5      | Paralysed by Grinder for 3 turns
  3729 | D:5      | Killed from afar by Grinder

Illustrated notes

Levels and vault maps discovered:
D:1:      elethiomel_arrival_maze, layout_basic
D:2:      layout_basic, grunt_ministairs_15, chequers_serial_rivers_micro_e
D:3:      layout_basic, uniq_ijyb
D:4:      layout_cave_pools, minmay_temple_entry_poolview, grunt_ministairs_11,
          grunt_decor_fettered, nrook_uturn, chequers_serial_rivers_large_b,
          uniq_blork_the_orc, uniq_menkaure, uniq_crazy_yiuf_cottage
D:5:      layout_basic, nicolae_ossuary_entry_giza, uniq_grinder
Temple:   minmay_temple_curvy_branch

Skill      XL: |  1  2  3  4  5  6 |
---------------+-------------------+-----
Armour         | 4 5 |  5.4
Fighting       | 4 5 |  5.4
Shields        | 4 5 |  5.4
Maces & Flails | 3 4 |  4.3

Action                   |  1- 3 |  4- 6 |  7- 9 || total
-------------------------+-------+-------+-------++-------
Melee: Flail             |    98 |   176 |    77 ||   351
  Use: Scroll            |       |     5 |     5 ||    10
       Potion            |       |       |     1 ||     1
Armor: Scale mail        |    54 |   126 |    65 ||   245
Dodge: Dodged            |    40 |    81 |    35 ||   156
Block: Kite shield       |    47 |   114 |    33 ||   194

Table legend: (Time is in decaauts)
 A = Elapsed time spent in this place.
 B = Non-inter-level travel time spent in this place.
 C = Inter-level travel time spent in this place.
 D = Time resting spent in this place.
 E = Time spent auto-exploring this place.
 F = Levels seen in this place.
 G = Mean time per level.
                   A        B        C        D        E       F      G
               +--------+--------+--------+--------+--------+-----+--------+
         Total |   3900 |   3687 |    213 |    161 |   2651 |   6 |  650.0 |
       Dungeon |   3650 |   3438 |    212 |    161 |   2410 |   5 |  730.0 |
        Temple |    249 |    249 |      0 |      0 |    241 |   1 |  249.0 |
               +--------+--------+--------+--------+--------+-----+--------+

Top non-repeatable levels by time:
     D:4: 1359 daAuts
     D:3: 835 daAuts
     D:2: 715 daAuts
     D:1: 644 daAuts
  Temple: 249 daAuts
     D:5: 95 daAuts
